 Dungeon Crawl Stone Soup version 0.28.0-45-g0d030f2227 (webtiles) character file.

Game seed: 8328837889276811940

4145 urbino23 the Basher (level 10, 0/82 HPs)
             Began as a Minotaur Berserker on Apr 15, 2022.
             Was an Elder of Trog.
             Slain by a vampire
             ... wielding a +2 vampiric halberd
              (11 damage)
             ... in a bailey.
             The game lasted 00:31:43 (8111 turns).

urbino23 the Basher (Minotaur Berserker)            Turns: 8111, Time: 00:31:44

Health: 0/82       AC: 30    Str: 33    XL:     10   Next: 7%
Magic:  0/9        EV:  8    Int:  4    God:    Trog [****..]
Gold:   199        SH:  0    Dex:  9    Spells: 9/9 levels left

rFire   + . .      SeeInvis .   a - +0 mace
rCold   . . .      Faith    .   (no shield)
rNeg    . . .      Spirit   +   H - +1 crystal plate armour "Nutuib" {Rampage Str-2 Stlth+}
rPois   +          Reflect  .   (helmet restricted)
rElec   .          Harm     .   h - +1 cloak
rCorr   .          Rampage  +   E - +2 pair of gloves of Experimentation {rPois rF+ Will- Regen+ Str+4}
Will    .....                   (no boots)
Stlth   ..........              s - amulet of Spite {Spirit Str+4}
HPRegen 1.03/turn               D - +4 ring of protection
MPRegen 0.11/turn               F - ring of poison resistance

@: confused, on berserk cooldown, slowed, very slow
A: horns 2, retaliatory headbutt
a: Renounce Religion, Berserk, Trog's Hand, Brothers in Arms


You were in a bailey.
You worshipped Trog.
Trog was greatly pleased with you.
You visited 1 branch of the dungeon, and saw 7 of its levels.
You also visited: Ossuary and Bailey.

You collected 199 gold pieces.

Inventory:

Hand Weapons
 a - a +0 mace (weapon)
 b - a +0 hunting sling of venom
 C - a +3 hunting sling
Missiles
 d - 167 stones (quivered)
 e - 109 sling bullets
 A - 2 poisoned darts
Armour
 c - a +0 plate armour
 g - a +0 scale mail
 h - a +1 cloak (worn)
 n - a +0 tower shield
 o - a +0 chain mail
 E - the +2 pair of gloves of Experimentation (worn) {rPois rF+ Will- Regen+ Str+4}
   (You found it on level 7 of the Dungeon)

   Str:       It affects your strength (+4).
   rF:        It protects you from fire.
   rPois:     It protects you from poison.
   Regen:     It increases your rate of health regeneration.
   Will:      It decreases your willpower.
 H - the +1 crystal plate armour "Nutuib" (worn) {Rampage Str-2 Stlth+}
   (You found it in a bailey)

   Str:       It affects your strength (-2).
   Rampage:   It bestows one free step when moving towards enemies.
   Stlth:     It makes you more stealthy.
Jewellery
 l - a ring of fire
 s - the amulet of Spite (around neck) {Spirit Str+4}
   (You found it in an ossuary)

   [amulet of guardian spirit]

   It causes incoming damage to be divided between your reserves of health and
   magic.
   Str:       It affects your strength (+4).
 w - an amulet of the acrobat
 D - a +4 ring of protection (left hand)
 F - a ring of poison resistance (right hand)
Wands
 B - a wand of paralysis (2)
Scrolls
 f - 7 scrolls of identify
 q - a scroll of enchant armour
 u - 2 scrolls of brand weapon
 x - a scroll of fear
 y - a scroll of holy word
 G - a scroll of teleportation
Potions
 i - 2 potions of brilliance {unknown}
 j - 2 potions of resistance
 k - 2 potions of curing {unknown}
 m - a potion of degeneration {unknown}
 p - 5 potions of flight {unknown}
 r - 2 potions of attraction {unknown}
 t - 3 potions of haste {unknown}
 v - a potion of heal wounds {unknown}
 z - a potion of magic {unknown}


   Skills:
 + Level 5.6 Fighting
 + Level 9.5 Maces & Flails
 - Level 5.0 Slings
 + Level 9.5 Armour
 - Level 9.1 Dodging


You had 9 spell levels left.
You didn't know any spells.
Your spell library was empty.

Dungeon Overview and Level Annotations

Branches:
Dungeon (7/15)             Temple (0/1) D:4         Ossuary (visited)
 Bailey (1/1)

Altars:

Shops:
D:1 ?   D:4 !


Innate Abilities, Weirdness & Mutations

You have a pair of horns on your head.
You reflexively headbutt those who attack you in melee.


Message History

Something draws strength from your injuries!
You hit something. You miss something. Something draws life force from you!
You hit something but do no damage. Something hits you but does no damage.
Something bites you!
Something draws strength from your injuries!
You are too berserk!
You miss something. You headbutt something. You completely miss something.
Something hits you but does no damage. Something bites you but does no damage.
You barely miss something. You headbutt something!
You hit something but do no damage. Something hits you but does no damage.
Something bites you but does no damage.
You hit something but do no damage. You closely miss something.
Your headbutt misses something. Something draws life force from you!
* * * LOW HITPOINT WARNING * * *
You barely miss something. Something hits you but does no damage.
Something bites you but does no damage.
You miss something. You closely miss something. Your headbutt misses something.
You are no longer berserk.
You are exhausted.
You feel yourself slow down. Something hits you.
* * * LOW HITPOINT WARNING * * *
Something completely misses you.
You hit something but do no damage. Your headbutt misses something.
Your punch misses something. Something hits you.
* * * LOW HITPOINT WARNING * * *
Something bites you but does no damage.
You hit something but do no damage. Something draws life force from you!
* * * LOW HITPOINT WARNING * * *
You hear some strange, mumbled words.
You are confused.
Something hits you!
* * * LOW HITPOINT WARNING * * *
You hear some strange, mumbled words.
You are more confused.
You're too confused to move!
Something hits you!
You die...

##### ##.[!8# ##[!..!
## #8..# .8# #..# ..#
#############..## #..#
#[.#8......8#..@##...#
#..#...)....##......#
#.)#######...##....##
#..#8....##...##''###
###'#......#.........#
....#...............8#
....#...#....#########
....'...##..##.....8#
....'.)..####.......#


There were no monsters in sight!

Vanquished Creatures
  Joseph (D:7)
  A gargoyle (Bailey)
  Prince Ribbit (D:6)
  Sigmund (D:6)
  Eustachio (D:6)
  A water moccasin (D:6)
  2 ice beasts
  2 orc warriors
  2 necrophages (D:3)
  2 centaurs
  A phantom (D:4)
  9 scorpions
  2 water moccasin zombies (D:5)
  10 vampire bats (Bailey)
  4 wolf zombies (Bailey)
  A howler monkey (D:7)
  2 centaur zombies (Ossuary)
  3 hounds
  2 human zombies (Ossuary)
  A jelly (D:5)
  A centaur skeleton (D:5)
  A gnoll shaman (D:6)
  A bullfrog skeleton (D:6)
  An iguana (D:4)
  7 scorpion zombies
  3 orc wizards
  3 mummies (Ossuary)
  9 gnolls
  A howler monkey skeleton (D:5)
  8 adders
  A shadow imp (D:6)
  2 worms
  An adder skeleton (D:4)
  15 orcs
  2 bats (D:2)
  9 endoplasms
  6 giant cockroaches
  2 gnoll zombies (Ossuary)
  5 goblins
  4 hobgoblins
  3 jackals (D:1)
  4 kobolds
  5 quokkas
  5 ball pythons
  2 frilled lizards
  4 goblin zombies (Ossuary)
  3 hobgoblin zombies (Ossuary)
  2 kobold zombies (Ossuary)
  19 orc zombies
  6 rats
184 creatures vanquished.

Notes
Turn   | Place    | Note
-------+----------+-------------------------------------------
     0 | D:1      | urbino23 the Minotaur Berserker began the quest for the
                  | Orb.
     0 | D:1      | Reached XP level 1. HP: 19/19 MP: 0/0
     2 | D:1      | Found a runed translucent door.
   285 | D:1      | Found Foer Oxt's Magic Scroll Shop.
   597 | D:1      | Reached XP level 2. HP: 27/27 MP: 1/1
   753 | D:1      | Found a faded altar of an unknown god.
  1129 | D:1      | Reached XP level 3. HP: 34/34 MP: 2/2
  1203 | D:2      | Reached ** piety under Trog
  2218 | D:3      | Noticed a necrophage
  2227 | D:3      | Killed a necrophage
  2228 | D:3      | Reached skill level 5 in Fighting
  2228 | D:3      | Reached skill level 5 in Maces & Flails
  2228 | D:3      | Reached XP level 4. HP: 42/42 MP: 3/3
  2228 | D:3      | Reached XP level 5. HP: 49/49 MP: 4/4
  2626 | D:3      | Noticed a necrophage
  2634 | D:3      | Killed a necrophage
  2895 | D:4      | Reached XP level 6. HP: 52/56 MP: 5/5
  3105 | D:4      | Found Kikeax's Distillery.
  3476 | D:4      | Found a staircase to the Ecumenical Temple.
  3970 | D:5      | Entered Level 5 of the Dungeon
  3982 | D:5      | Reached skill level 5 in Armour
  3982 | D:5      | Reached XP level 7. HP: 47/61 MP: 6/6
  4120 | D:5      | Reached skill level 5 in Dodging
  4135 | D:5      | Found a sand-covered staircase.
  4144 | Ossuary  | Entered an ossuary
  4375 | Ossuary  | Reached skill level 1 in Slings
  4702 | Ossuary  | Reached XP level 8. HP: 63/69 MP: 7/7
  4808 | Ossuary  | Identified the amulet of Spite {Spirit Str+4}
  4916 | Ossuary  | Reached *** piety under Trog
  5204 | D:5      | Reached skill level 5 in Slings
  6204 | D:6      | Noticed Eustachio
  6218 | D:6      | Killed Eustachio
  6536 | D:6      | Reached XP level 9. HP: 54/74 MP: 6/8
  6696 | D:6      | Noticed Sigmund
  6704 | D:6      | Killed Sigmund
  6907 | D:6      | Noticed Prince Ribbit
  6913 | D:6      | Killed Prince Ribbit
  7458 | D:7      | Noticed Joseph
  7472 | D:7      | Killed Joseph
  7589 | D:7      | Identified the +2 pair of gloves of Experimentation {rPois
                  | rF+ Will- Regen+ Str+4}
  7667 | D:7      | Found a flagged portal.
  7678 | Bailey   | Entered a bailey
  7774 | Bailey   | Reached **** piety under Trog
  7991 | Bailey   | Identified the +1 crystal plate armour "Nutuib" {Rampage
                  | Str-2 Stlth+}
  8022 | Bailey   | Noticed a gargoyle
  8027 | Bailey   | Killed a gargoyle
  8028 | Bailey   | Reached XP level 10. HP: 82/82 MP: 9/9
  8075 | Bailey   | Found the +10 tower shield of Ignorance {rN+ Int-4}
  8111 | Bailey   | Slain by a vampire

Illustrated notes

Levels and vault maps discovered:
D:1:      dpeg_arrival_caged_fury, layout_basic, serial_shops,
          nicolae_shop_waterfront, chequers_ecumenical_altar_simple_redux
D:2:      layout_loops_ring
D:3:      layout_loops_ring
D:4:      layout_layer_cave, minmay_temple_entry_ruins, serial_shops,
          nicolae_shop_statue_plus
D:5:      layout_loops_ring, enter_ossuary_3, corexii_hall_statues_s
D:6:      layout_loops_corners, nicolae_elevator_lobby_plus, uniq_eustachio,
          uniq_prince_ribbit1, uniq_sigmund
D:7:      layout_basic, enter_bailey_6, chequers_serial_rivers_micro_c,
          uniq_joseph
Bailey:   bailey_polearm_vampire_castle_hellmonk, bailey

Skill      XL: |  1  2  3  4  5  6  7  8  9 |
---------------+----------------------------+-----
Fighting       | 4 5 |  5.6
Maces & Flails | 4 5 6 9 |  9.5
Armour         | 3 5 6 9 |  9.5
Dodging        | 3 4 6 9 |  9.1
Slings         | 2 5 |  5.0

Action                   |  1- 3 |  4- 6 |  7- 9 | 10-12 || total
-------------------------+-------+-------+-------+-------++-------
Melee: Mace              |    94 |    70 |   372 |    26 ||   562
       Headbutt          |    10 |    10 |    88 |     4 ||   112
       Punch             |       |     1 |     5 |       ||     6
 Fire: Hunting sling     |       |    14 |    35 |       ||    49
Throw: Stone             |    23 |       |       |       ||    23
Invok: Berserk           |     3 |     2 |    11 |     1 ||    17
       Trog's Hand       |       |       |     1 |       ||     1
  Use: Scroll            |     4 |       |     7 |       ||    11
Armor: Animal skin       |     5 |       |       |       ||     5
       Leather armour    |     3 |       |       |       ||     3
       Plate armour      |       |    38 |   241 |       ||   279
       Crystal plate arm |       |       |     1 |    16 ||    17
Dodge: Dodged            |    56 |    31 |   195 |     3 ||   285
